 Dungeon Crawl Stone Soup version 0.27-a0-732-ga892ba84f6 (webtiles) character file.

Game seed: 15583330804665791156

3 Hasart the Conjurer (level 1, -1/13 HPs)
             Began as a Mummy Conjurer on Mar 23, 2021.
             Killed by Freeze
             ... invoked by an ooze
              (2 damage)
             ... on level 1 of the Dungeon.
             The game lasted 00:00:39 (54 turns).

Hasart the Conjurer (Mummy Conjurer)                  Turns: 54, Time: 00:00:40

Health: -1/13      AC:  2    Str: 10    XL:     1   Next: 41%
Magic:  1/4        EV: 12    Int: 17    God:
Gold:   14         SH:  0    Dex: 10    Spells: 4/5 levels left

rFire    x . .     SeeInvis .   b - +0 spear
rCold    + . .     Faith    .   (no shield)
rNeg     + + +     Spirit   .   a - +0 robe
rPois    ∞         Reflect  .   (no helmet)
rElec    .         Harm     .   (no cloak)
rCorr    .         Rampage  .   (no gloves)
Will     .....                  (no boots)
Stlth    ++........             (no amulet)
HPRegen  0.04/turn              (no ring)
MPRegen  0.09/turn              (no ring)

@: no status effects
A: cold resistance 1, negative energy resistance 3, torment resistance 2,
unbreathing 1, heat vulnerability 1, no potions
a: no special abilities


You were on level 1 of the Dungeon.
You visited 1 branch of the dungeon, and saw 1 of its levels.

You collected 14 gold pieces.

Inventory:

Hand Weapons
 b - a +0 spear (weapon)
Armour
 a - a +0 robe (worn)


   Skills:
 + Level 1.6 Dodging
 - Level 1.5 Stealth
 + Level 2.8 Spellcasting
 * Level 3.3 Conjurations


You had 4 spell levels left.
You knew the following spells:

 Your Spells              Type           Power      Damage    Failure   Level
a - Magic Dart            Conj           52%        1d5       4%          1

Your spell library contained the following spells:

 Spells                   Type           Power      Damage    Failure   Level
 Searing Ray              Conj           26%        3d4       7%          2
 Dazzling Flash           Conj/Hex       16%        N/A       26%         3
 Fulminant Prism          Conj/Hex       4%         3d6       65%         4
 Iskenderun's Mystic Bla  Conj/Tloc      8%         2d4       65%         4


Dungeon Overview and Level Annotations

Branches:
Dungeon (1/15)

Altars:


Innate Abilities, Weirdness & Mutations

You are immune to poison.
Your flesh is cold resistant. (rC+)
You are immune to negative energy. (rN+++)
You are immune to unholy pain and torment.
You can survive without breathing.
You are vulnerable to heat. (rF-)
You do not drink.


Message History

Okay, then.
The bat barely misses you. The bat hits you but does no damage.
b - a +0 spear (weapon)
The bat closely misses you.
Unknown command.
The bat barely misses you. The bat closely misses you. x2
You closely miss the bat. The bat hits you.
The bat hits you but does no damage.
Unknown command.
You miss the bat. The bat barely misses you.
Unknown command.
The bat closely misses you. The bat misses you.
The bat hits you but does no damage. The ooze hits you.
* * * LOW HITPOINT WARNING * * *
The bat hits you but does no damage. The bat hits you.
* * * LOW HITPOINT WARNING * * *
The bat barely misses you. The bat hits you but does no damage.
The bat hits you.
* * * LOW HITPOINT WARNING * * *
The bat hits you.
* * * LOW HITPOINT WARNING * * *
The bat completely misses you.
Casting: Magic Dart (safe; 4% risk of failure)
Confirm with . or Enter, or press ? or * to list all spells.
Aiming: Magic Dart (safe; 4% risk of failure)
Press: ? - help, Shift-Dir - straight line, f - bat
Aim: a bat (0% to evade)
The magic dart hits the bat.
You kill the bat!
Casting: Magic Dart (safe; 4% risk of failure)
Confirm with . or Enter, or press ? or * to list all spells.
Aiming: Magic Dart (safe; 4% risk of failure)
Press: ? - help, Shift-Dir - straight line, f - ooze
Aim: an ooze (0% to evade)
The magic dart hits the ooze.
The ooze is heavily wounded.
The ooze freezes you.
You are frozen.
You die...

.##... .... .# .###
##.# ...## #...#
#...# ######### ....#
#.r.###...8...##
....#
....##..8...8..##...#
....#8.........8#...#
.......8..(..8rJ@...#
....#8.........8#...#
....##..8.<.8..##...#
....###...8...## ...#
....# ######### ...#
...## #... .### ##..
... ... .....


You could see an ooze and a rat.

Vanquished Creatures
  A dart slug (D:1)
  A bat (D:1)
2 creatures vanquished.

Notes
Turn   | Place    | Note
-------+----------+-------------------------------------------
     0 | D:1      | Hasart the Mummy Conjurer began the quest for the Orb.
     0 | D:1      | Reached XP level 1. HP: 13/13 MP: 4/4
    54 | D:1      | Killed from afar by an ooze

Illustrated notes

Levels and vault maps discovered:
D:1:      erik_arrival_orb_chamber, layout_rooms, st_stairs_5

Action                   || total
-------------------------++-------
Melee: Unarmed           ||     3
       Spear             ||     2
 Cast: Magic Dart        ||     6
Armor: Robe              ||     6
Dodge: Dodged            ||    11

Table legend: (Time is in decaauts)
 A = Elapsed time spent in this place.
 B = Non-inter-level travel time spent in this place.
 C = Inter-level travel time spent in this place.
 D = Time resting spent in this place.
 E = Time spent auto-exploring this place.
 F = Levels seen in this place.
 G = Mean time per level.
                   A        B        C        D        E       F      G
               +--------+--------+--------+--------+--------+-----+--------+
         Total |     53 |     53 |      0 |      0 |     10 |   1 |   53.0 |
       Dungeon |     53 |     53 |      0 |      0 |     10 |   1 |   53.0 |
               +--------+--------+--------+--------+--------+-----+--------+

Top non-repeatable levels by time:
     D:1: 53 daAuts
